 Dungeon Crawl Stone Soup version 0.19-a0-1852-gc11d922 (webtiles) character file.

20325 Banto the Carver (level 12, -1/77 HPs)
             Began as a High Elf Skald on Oct 11, 2016.
             Was a High Priest of Okawaru.
             Slain by a blink frog (9 damage)
             ... on level 3 of the Lair of Beasts.
             The game lasted 00:35:54 (18392 turns).

Banto the Carver (High Elf Skald)                  Turns: 18392, Time: 00:35:54

Health: -1/77      AC: 10    Str: 11    XL:     12   Next: 44%
Magic:  0/18       EV: 22    Int: 15    God:    Okawaru [*****.]
Gold:   121        SH:  0    Dex: 22    Spells: 5 memorised, 5 levels left

rFire  + . .     SeeInvis +     l - +2 dagger (venom)
rCold  . . .     Gourm    .     D - +0 leather armour of Hojetof {rPois MR++ rCorr Slay+3} (curse)
rNeg   . . .     Faith    .     (no shield)
rPois  +         Spirit   .     b - +2 hat {SInv}
rElec  .         Dismiss  +     q - +1 cloak
rCorr  +         Reflect  .     y - +0 pair of gloves
MR     +++..     Harm     .     o - +1 pair of boots
Stlth  +++++.....               k - amulet of dismissal
                                u - ring of resist corrosion
                                f - ring of protection from fire

@: repel missiles
A: no striking features
a: Heroism, Finesse, Renounce Religion


You were on level 3 of the Lair of Beasts.
You worshipped Okawaru.
Okawaru was extremely pleased with you.
You were hungry.

You visited 3 branches of the dungeon, and saw 15 of its levels.

You collected 599 gold pieces.
You spent 478 gold pieces at shops.

Inventory:

Hand Weapons
 a - a +2 triple sword of electrocution
 l - a +2 dagger of venom (weapon)
 G - a +0 scimitar of slicing
Missiles
 p - 5 javelins (quivered)
Armour
 b - a +2 hat of see invisible (worn)
 o - a +1 pair of boots (worn)
 q - a +1 cloak (worn)
 y - a +0 pair of gloves (worn)
 D - the cursed +0 leather armour of Hojetof (worn) {rPois MR++ rCorr Slay+3}
   (You bought it in a shop on level 8 of the Dungeon)

   It affects your accuracy and damage with ranged weapons and melee attacks
   (+3).
   It protects you from poison.
   It affects your resistance to hostile enchantments.
   It protects you from acid and corrosion.
   It has a curse placed upon it.
Jewellery
 f - a ring of protection from fire (left hand)
 k - an amulet of dismissal (around neck)
 u - a ring of resist corrosion (right hand)
 A - an uncursed ring of see invisible
 C - an uncursed ring of fire
Wands
 c - a wand of iceblast (3/15)
 j - a wand of iceblast (9/15)
 B - a wand of flame (15/48)
 F - a wand of flame (40/48)
 J - a wand of polymorph (12/24)
Scrolls
 t - 2 scrolls of remove curse
 v - 3 scrolls of teleportation
 w - a scroll of enchant armour
 x - a scroll of blinking
 I - 2 scrolls of enchant weapon
Potions
 e - 2 potions of berserk rage
 g - a potion of lignification
 m - 2 potions of agility
 r - 2 potions of magic
 s - 3 potions of ambrosia
 E - 4 potions of curing
 H - a potion of heal wounds
 K - a potion of cure mutation
 L - a potion of flight {unknown}
 M - a potion of cancellation
Comestibles
 d - 6 bread rations
 h - 5 meat rations
 i - 3 beef jerkies
 n - 30 fruits
 z - 4 chunks of flesh


   Skills:
 - Level 5.0 Fighting
 - Level 12.0 Long Blades
 - Level 0.8 Armour
 - Level 11.2 Dodging
 + Level 10.4 Stealth
 - Level 2.4 Spellcasting
 * Level 8.7 Hexes
 - Level 6.0 Charms
 - Level 7.0 Invocations


You had 5 spell levels left.
You knew the following spells:

 Your Spells              Type           Power        Failure   Level  Hunger
a - Infusion              Chrm           ###.         2%          1    #......
b - Song of Slaying       Chrm           ###.....     3%          2    ###....
c - Repel Missiles        Chrm/Air       ##....       14%         2    ###....
d - Ensorcelled Hibernat  Hex/Ice        ##....       10%         2    ###....
e - Confuse               Hex            ####....     2%          3    ###....


Dungeon Overview and Level Annotations

Branches:
Dungeon (11/15)            Temple (1/1) D:5            Lair (3/6) D:10
  Snake (0/4) Lair:2          Orc (0/2) D:10
  Swamp: Lair:2-4    Shoals: Lair:2-4

Altars:
Ashenzari
Cheibriados
Dithmenos
Elyvilon
Fedhas
Gozag
Hepliaklqana
Kikubaaqudgha
Makhleb
Nemelex Xobeh
Okawaru
Qazlal
Ru
Sif Muna
Trog
Uskayaw
Vehumet
Xom
Yredelemnul
Zin
The Shining One
Beogh

Shops:
D:8 [


Message History

Aiming: Ensorcelled Hibernation
Press: ? - help, Shift-Dir - straight line, f/p - blink frog
Aim: a blink frog (chance to defeat MR: 28%)
The blink frog easily resists.
The blink frog hits you!
* * * LOW HITPOINT WARNING * * *
You take 12 damage, and have 7/77 hp.
You now have 1/18 mp.
Casting: Ensorcelled Hibernation
Confirm with . or Enter, or press ? or * to list all spells.
You don't have enough magic to cast that spell.
Unknown command.
You miss the blink frog. The blink frog closely misses you.
The blink frog blinks!
The blink frog hits you but does no damage.
Casting: Ensorcelled Hibernation
Confirm with . or Enter, or press ? or * to list all spells.
Aiming: Ensorcelled Hibernation
Press: ? - help, Shift-Dir - straight line, f/p - blink frog
Aim: a blink frog (chance to defeat MR: 28%)
The blink frog easily resists.
The blink frog hits you!
You die...

..................... ....###.
.....)............... ..#.P##.
..................... ........
.................... ........
.................... ........
...............#.#. ....###.
....$..........# ##### .... ###
PPP.#.#†###....###.P.## ... #.#
...#..#.# #P....@.....#......###.
..##..F...##...##F....##.....##..
..#.......#...###....###.....###.
. #F#######...# ##..## #......##.
...# ..###..####F#####.....###.
... .........##§+.##P#......### .
................^........##
...........................
.######.#.######.##..P#.P#.


You could see 2 blink frogs.

Vanquished Creatures
  A hydra (Lair:1)
  3 hill giants (D:10)
  5 elephants
  A black mamba (Lair:2)
  Psyche (D:8)
  2 spiny frogs (Lair:1)
  2 komodo dragons
  A troll (D:8)
  A two-headed ogre (D:9)
  A hornet (D:9)
  3 blink frogs (Lair:3)
  9 hippogriffs
  A wraith (D:10)
  A wyvern (D:9)
  30 yaks
  A basilisk (Lair:2)
  A hungry ghost (D:7)
  7 water moccasins
  2 black bears
  5 porcupines
  2 sky beasts
  2 ice beasts
  7 orc warriors
  3 ogres
  A phantom (D:8)
  6 centaurs
  10 crocodiles
  3 big kobolds
  9 bullfrogs
  2 scorpions
  5 killer bees (D:7)
  9 wights
  4 crimson imps
  3 bullfrog zombies
  2 centaur zombies
  3 hounds
  3 quasits
  A centaur skeleton (D:10)
  2 jellies
  16 orc priests
  7 orc wizards
  4 iguanas
  4 worker ants
  A killer bee zombie (D:6)
  A hound skeleton (D:5)
  2 howler monkey zombies
  7 gnolls
  7 adders
  5 shadow imps
  An ooze (D:3)
  2 adder skeletons
  An adder zombie (D:7)
  2 dart slugs
  8 worms
  6 leopard geckos
  35 orcs
  2 ball pythons
  6 bats
  10 giant cockroaches
  9 goblins
  7 hobgoblins
  13 jackals
  11 kobolds
  2 quokkas
  8 frilled lizards
  2 goblin skeletons (D:4)
  A hobgoblin zombie (D:4)
  A jackal skeleton (D:9)
  A jackal zombie (D:6)
  A kobold skeleton (D:4)
  A kobold zombie (D:4)
  A leopard gecko skeleton (D:7)
  3 orc zombies (D:4)
  A quokka zombie (D:7)
  4 rats
348 creatures vanquished.

Vanquished Creatures (collateral kills)
  An orc wizard (D:6)
1 creature vanquished.

Vanquished Creatures (others)
  A jackal (D:7)
  2 fungi (Lair:2)
3 creatures vanquished.

Grand Total: 352 creatures vanquished

Notes
Turn   | Place    | Note
-------+----------+-------------------------------------------
     0 | D:1      | Banto the High Elf Skald began the quest for the Orb.
     0 | D:1      | Reached XP level 1. HP: 14/14 MP: 4/4
   182 | D:1      | Reached XP level 2. HP: 15/19 MP: 3/6
   219 | D:1      | Reached skill level 3 in Long Blades
   758 | D:2      | Reached XP level 3. HP: 18/24 MP: 4/7
  1275 | D:2      | Found a shimmering altar of Xom.
  1318 | D:2      | Found an opulent altar of Gozag.
  1662 | D:2      | Reached skill level 4 in Long Blades
  1662 | D:2      | Reached XP level 4. HP: 13/29 MP: 3/8
  2932 | D:3      | Reached XP level 5. HP: 34/34 MP: 4/9
  3340 | D:3      | Learned a level 2 spell: Song of Slaying
  3353 | D:3      | Reached skill level 5 in Long Blades
  3982 | D:4      | Found a glowing golden altar of the Shining One.
  4264 | D:4      | Reached XP level 6. HP: 32/39 MP: 1/10
  4411 | D:4      | Reached skill level 6 in Long Blades
  4637 | D:4      | Found a basalt altar of Yredelemnul.
  4639 | D:4      | Found a bloodstained altar of Trog.
  4715 | D:5      | Entered Level 5 of the Dungeon
  4732 | D:5      | Reached skill level 5 in Dodging
  5148 | D:5      | Found a staircase to the Ecumenical Temple.
  5174 | Temple   | Entered the Ecumenical Temple
  5436 | D:5      | Reached skill level 7 in Long Blades
  5436 | D:5      | Reached XP level 7. HP: 9/45 MP: 9/11
  5705 | Temple   | Became a worshipper of Warmaster Okawaru
  5854 | D:5      | Found a glowing silver altar of Zin.
  7061 | D:6      | Reached skill level 8 in Long Blades
  7345 | D:6      | Reached * piety under Okawaru
  7345 | D:6      | Reached XP level 8. HP: 47/50 MP: 2/12
  7752 | D:7      | Noticed a hippogriff
  7779 | D:6      | Killed a hippogriff
  7779 | D:6      | Reached skill level 9 in Long Blades
  7914 | D:7      | Reached ** piety under Okawaru
  8075 | D:7      | Found a bloodstained altar of Trog.
  8114 | D:6      | Reached skill level 10 in Long Blades
  8293 | D:7      | Reached XP level 9. HP: 51/54 MP: 5/13
  8995 | D:7      | Reached skill level 11 in Long Blades
  9183 | D:7      | Reached skill level 10 in Dodging
  9359 | D:7      | Learned a level 2 spell: Repel Missiles
  9477 | D:7      | Reached *** piety under Okawaru
  9705 | D:7      | Learned a level 2 spell: Ensorcelled Hibernation
  9709 | D:7      | Learned a level 3 spell: Confuse
  9850 | D:8      | Noticed Psyche
  9944 | D:8      | Killed Psyche
  9987 | D:8      | Reached skill level 12 in Long Blades
 10358 | D:8      | Reached XP level 10. HP: 39/60 MP: 6/14
 10554 | D:8      | Reached **** piety under Okawaru
 10761 | D:8      | Reached skill level 1 in Invocations
 10895 | D:8      | Found a sacrificial altar of Ru.
 10934 | D:8      | Found Wuufry's Armour Shoppe.
 11034 | D:9      | Reached skill level 5 in Fighting
 11158 | D:9      | Reached skill level 1 in Stealth
 11516 | D:9      | Reached ***** piety under Okawaru
 11658 | D:9      | Found an ancient bone altar of Kikubaaqudgha.
 11829 | D:10     | Entered Level 10 of the Dungeon
 11829 | D:10     | Noticed a hill giant
 11831 | D:10     | Noticed a hill giant
 11934 | D:9      | Reached skill level 5 in Invocations
 12202 | D:10     | Killed a hill giant
 12202 | D:10     | Reached skill level 5 in Stealth
 12347 | D:10     | Found a staircase to the Lair.
 12492 | D:10     | Noticed a hill giant
 12545 | D:10     | Killed a hill giant
 12545 | D:10     | Reached XP level 11. HP: 44/71 MP: 16/16
 12789 | D:10     | Killed a hill giant
 12974 | D:10     | Found a staircase to the Orcish Mines.
 13221 | D:10     | Found a roughly hewn altar of Beogh.
 13735 | D:10     | Reached skill level 1 in Hexes
 14272 | D:8      | Bought the cursed +0 leather armour of Hojetof {rPois MR++ rCorr Slay+3} for 478 gold pieces
 14491 | Lair:1   | Entered Level 1 of the Lair of Beasts
 14513 | Lair:1   | Received a gift from Okawaru
 14656 | Lair:1   | Reached skill level 5 in Charms
 14829 | Lair:1   | Noticed a five-headed hydra
 15603 | Lair:1   | Gained mutation: You are frail. (-10% HP) [potion of mutation]
 15603 | Lair:1   | Gained mutation: You are partially covered in molten scales. (AC +2) [potion of mutation]
 15603 | Lair:1   | Gained mutation: You are weak. (Str -2) [potion of mutation]
 15604 | Lair:1   | Lost mutation: You are frail. (-10% HP) [potion of mutation]
 15604 | Lair:1   | Gained mutation: Your body sometimes deteriorates upon taking damage. [potion of mutation]
 15605 | Lair:1   | Lost mutation: You are weak. (Str -2) [potion of cure mutation]
 15605 | Lair:1   | Lost mutation: Your body sometimes deteriorates upon taking damage. [potion of cure mutation]
 15605 | Lair:1   | Lost mutation: You are partially covered in molten scales. (AC +2) [potion of cure mutation]
 16072 | Lair:1   | Killed a five-headed hydra
 16072 | Lair:1   | Reached skill level 5 in Hexes
 16631 | Lair:2   | Reached XP level 12. HP: 39/77 MP: 13/18
 17039 | Lair:2   | Found a staircase to the Snake Pit.
 17063 | Lair:2   | Received a gift from Okawaru
 17205 | Lair:2   | Received a gift from Okawaru
 17636 | Lair:2   | Reached skill level 10 in Stealth
 18392 | Lair:3   | Slain by a blink frog

Vault maps used:
D:1:      evilmike_arrival_run_for_it, hangedman_feature_mirror
D:2:      nicolae_overflow_crystal_walls, xom_teletrap_fun,
          kennysheep_generic_room_14
D:3:      minmay_hedge_maze, kennysheep_generic_room_2
D:4:      nicolae_overflow_hidden_temple, nicolae_tso_besieged_by_evil
D:5:      zin_treasury, first_bread
D:6:      kennysheep_generic_room_13
D:7:      trog_ov_bears_minmay
D:8:      serial_shops, kennysheep_mini_moat, blue_anna_alchemist,
          minmay_ruined_shrine, uniq_psyche
D:9:      old_standard_altar
D:10:     minmay_wavy_crystal, lair_0_dummy, minmay_orc_entry_temple_large
D:11:     lemuel_tele_altar
Temple:   regret_index_temple_generic_petals
Lair:1:   infiniplex_staircase_pool
Lair:2:   dummy_snake_entry, grunt_megastairs_2

Skill      XL: |  1  2  3  4  5  6  7  8  9 10 11 12 |
---------------+-------------------------------------+-----
Long Blades    | 3 4 5 7 8 10 12 | 12.0
Dodging        | 2 3 4 5 7 9 11 | 11.2
Fighting       | 5 |  5.0
Invocations    | 6 7 |  7.0
Stealth        | 5 9 10 | 10.4
Hexes          | 6 8 |  8.7
Charms         | 6 |  6.0
Armour         | |  0.8
Spellcasting   | |  2.4

Action                   |  1- 3 |  4- 6 |  7- 9 | 10-12 || total
-------------------------+-------+-------+-------+-------++-------
Melee: Falchion          |   100 |   254 |   137 |    34 ||   525
       Dagger            |       |     9 |   398 |   809 ||  1216
       Punch             |       |       |       |     1 ||     1
Throw: Javelin           |       |     8 |     7 |    15 ||    30
 Cast: Infusion          |    14 |    31 |    29 |    17 ||    91
       Song of Slaying   |       |       |       |     2 ||     2
       Ensorcelled Hiber |       |       |       |    76 ||    76
       Repel Missiles    |       |       |       |     1 ||     1
       Confuse           |       |       |       |     3 ||     3
Invok: Heroism           |       |       |     2 |     2 ||     4
Evoke: Wand              |       |       |     1 |       ||     1
  Use: Scroll            |     3 |     9 |     8 |     5 ||    25
       Potion            |       |     1 |     1 |     3 ||     5
 Stab: Sleeping          |     1 |       |     1 |    40 ||    42
       Distracted        |       |       |     1 |     3 ||     4
       Confused          |       |       |       |     2 ||     2
  Eat: Chunk             |     3 |    12 |    17 |    29 ||    61
       Fruit             |       |       |     1 |       ||     1
       Pizza             |       |       |       |     2 ||     2
Armor: Leather armour    |    20 |    62 |   105 |   148 ||   335
       Skin              |       |       |    31 |       ||    31
Dodge: Dodged            |    62 |   192 |   389 |   684 ||  1327
       Rpst.: Falchion   |    10 |    59 |    29 |     9 ||   107

Table legend:
 A = Turns spent in this place as a percentage of turns spent in the entire game.
 B = Non-inter-level travel turns spent in this place as a percentage of non-inter-level travel turns spent in the entire game.
 C = Inter-level travel turns spent in this place as a percentage of turns spent in this place.
 D = Turns resting spent in this place as a percentage of non-inter-level travel turns spent in this place.
 E = Turns spent auto-exploring this place as a percentage of non-inter-level travel turns spent in this place.
 F = Non-inter-level travel turns spent in this place divided by the number of levels of this place that you've seen.
                   A       B       C       D       E      F
               +-------+-------+-------+-------+-------+----------------------
         Total | 100.0 | 100.0 |   0.7 |   6.2 |   6.8 | 366.9
       Dungeon |  81.2 |  81.1 |   0.8 |   6.5 |   6.7 | 405.9
        Temple |   0.5 |   0.4 |   8.0 |  30.4 |  65.2 |  23.0
          Lair |  18.4 |  18.5 |   0.3 |   4.3 |   6.0 | 338.7
               +-------+-------+-------+-------+-------+----------------------

Table legend:
 A = Kills in this place as a percentage of kills in entire the game.
 B = Kills by you in this place as a percentage of kills by you in the entire game.
 C = Kills by friends in this place as a percentage of kills by friends in the entire game.
 D = Other kills in this place as a percentage of other kills in the entire game.
 E = Experience gained in this place as a percentage of experience gained in the entire game.
 F = Experience gained in this place divided by the number of levels of this place that you have seen.
                   A       B       C       D       E      F
               +-------+-------+-------+-------+-------+----------------------
         Total | 100.0 | 100.0 | 100.0 |  -nan | 100.0 | 1935.7
       Dungeon |  81.9 |  81.9 | 100.0 |  -nan |  50.3 | 1327.4
          Lair |  18.1 |  18.1 |   0.0 |  -nan |  49.7 | 4811.7
               +-------+-------+-------+-------+-------+----------------------
